 Dungeon Crawl Stone Soup version 0.31.0-11-ge490571c62 (webtiles) character file.

Game seed: 14897665211268053541

107 qw the Shooter (level 4, 0/22 HPs)
             Began as a Spriggan Hunter on Feb 4, 2024.
             Slain by an orc
             ... wielding a +0 dagger
              (2 damage)
             ... on level 3 of the Dungeon.
             The game lasted 00:00:09 (1751 turns).

qw the Shooter (Spriggan Hunter)                    Turns: 1751, Time: 00:00:09

Health: 0/22       AC:  3    Str:  7    XL:     4   Next: 57%
Magic:  5/5        EV: 20    Int: 10    God:
Gold:   95         SH:  0    Dex: 20    Spells: 3/3 levels left

rFire   . . .        a - +0 shortbow
rCold   . . .        (shield currently unavailable)
rNeg    . . .        c - +0 robe
rPois   +            (helmet restricted)
rElec   .            d - +0 cloak
rCorr   .            (gloves unavailable)
SInv    +            (boots unavailable)
Will    .....        (no amulet)
Stlth   ++           f - ring of poison resistance
HPRegen 0.23/turn    (no ring)
MPRegen 0.09/turn

%: no passive effects
@: slowed, quick
A: very small, no large weapons, unfitting armour, see invisible, speed 3
a: no special abilities


You were on level 3 of the Dungeon.
You visited 1 branch of the dungeon, and saw 3 of its levels.

You collected 95 gold pieces.


Innate Abilities, Weirdness & Mutations

You are very small and have problems with some larger weapons.
You are too small for most types of armour.
You have supernaturally acute eyesight. (SInv)
You cover ground extremely quickly. (Speed+++)


   Skills:
 - Level 1.5 Fighting
 - Level 5.1 Ranged Weapons
 + Level 4.8 Dodging
 - Level 1.5 Stealth


You had 3 spell levels left.
You didn't know any spells.
Your spell library was empty.

Inventory:

Hand Weapons
 a - a +0 shortbow (weapon)
Armour
 c - a +0 robe (worn)
 d - a +0 cloak (worn)
Jewellery
 f - a ring of poison resistance (left hand)
Scrolls
 b - a scroll of teleportation
Potions
 e - a potion of resistance
 g - a potion of cancellation {unknown}
 j - a potion of enlightenment {unknown}
 k - a potion of magic {unknown}

Dungeon Overview and Level Annotations

Branches:
Dungeon (3/15)

Altars:

Annotations:
D:3 Natasha


Message History

Natasha closely misses you.
You shoot an arrow.
The arrow hits Robin but does no damage.
Robin is almost dead.
Robin misses you. Natasha completely misses you. Robin closely misses you.
Natasha misses you.
You shoot an arrow. The arrow hits Robin!
You kill Robin!
Natasha barely misses you. The orc completely misses you.
You shoot an arrow. The arrow barely misses Natasha.
The arrow hits the endoplasm.
The endoplasm is lightly wounded.
Natasha misses you. The orc closely misses you. Natasha completely misses you.
The orc completely misses you.
You shoot an arrow. The arrow completely misses Natasha.
The arrow hits the endoplasm.
You kill the endoplasm!
Natasha closely misses you. The orc completely misses you.
Natasha claws you but does no damage.
You shoot an arrow. The arrow misses Natasha.
The arrow hits the hobgoblin.
The hobgoblin is moderately wounded.
The orc hits you but does no damage. Natasha claws you but does no damage.
The orc completely misses you. Natasha completely misses you.
You shoot an arrow. The arrow closely misses Natasha.
The arrow closely misses the hobgoblin.
The orc closely misses you.
Natasha casts a spell.
The orc misses you.
1750 ||| RETREEEEATING.
You shoot an arrow.
The arrow barely misses the cerulean imp.
Natasha closely misses you. The orc misses you.
The cerulean imp closely misses you. Natasha completely misses you.
The orc misses you.
1751 ||| RETREEEEATING.
You shoot an arrow. The arrow hits the cerulean imp!
The cerulean imp is severely wounded.
The cerulean imp misses you. Natasha claws you!
The orc hits you with a +0 dagger.
The cerulean imp hits you but does no damage.
Natasha barely misses you. The orc hits you with a +0 dagger.
You die...

...## #...# #%#.## #55..##.#
#gg.hg... ##### #)# ....#
####.# ....#
########og<.##..
....######.....5@hg.........
...............########.....
..........###### ####
....####### ....# ....#
#####


You could see Natasha, a cerulean imp (summoned), an orc, a hobgoblin (strong)
and a goblin (strong).

Vanquished Creatures
  A jelly (D:2)
  Robin (D:3)
  An adder (D:2)
  A dart slug (D:2)
  2 ribbon worms
  5 endoplasms
  9 goblins
  11 hobgoblins
  4 kobolds
  3 ball pythons
  4 frilled lizards (D:1)
  6 rats
48 creatures vanquished.

Notes
Turn   | Place    | Note
-------+----------+-------------------------------------------
     0 | D:1      | qw the Spriggan Hunter began the quest for the Orb.
     0 | D:1      | Reached XP level 1. HP: 10/10 MP: 2/2
     0 | D:1      | 0 ||| qw: Version: 0.3-a-160-g6735b56
     0 | D:1      | 0 ||| qw: Game counter: 4958
     0 | D:1      | 0 ||| qw: Melee chars always use a shield: true
     0 | D:1      | 0 ||| qw: God list: Okawaru
     0 | D:1      | 0 ||| qw: Allow faded altars: false
     0 | D:1      | 0 ||| qw: Do Orc after clearing Dungeon:15 true
     0 | D:1      | 0 ||| qw: Do second Lair branch before Depths: true
     0 | D:1      | 0 ||| qw: Lair rune preference: random
     0 | D:1      | 0 ||| qw: Goals: Normal
     0 | D:1      | 0 ||| PLANNING D:1-11
   137 | D:1      | Reached skill level 3 in Dodging
   203 | D:1      | Reached XP level 2. HP: 8/14 MP: 3/3
   344 | D:1      | Noticed a glass eye
   346 | D:1      | Found a faded altar of an unknown god.
   350 | D:1      | Noticed a golden eye
   379 | D:1      | Noticed a great orb of eyes
   385 | D:1      | Noticed a glass eye
   668 | D:1      | 668 ||| UPGRADING to +0 cloak.
   673 | D:1      | 673 ||| UPGRADING to ring of poison resistance.
   674 | D:1      | 674 ||| READING 2 scrolls labelled DIRYCV AGROMAD.
   675 | D:1      | 675 ||| READING 2 scrolls labelled TIAQUSTAIRGH.
   675 | D:1      | 675 ||| IDENTIFYING emerald potion
   676 | D:1      | 676 ||| READING scroll of identify.
   676 | D:1      | 676 ||| IDENTIFYING pink potion
   677 | D:1      | 677 ||| READING scroll labelled LUEFICZAERU.
   678 | D:1      | 678 ||| DRINKING 2 white potions.
   679 | D:1      | 679 ||| DROPPING scroll of butterflies.
   680 | D:1      | 680 ||| DROPPING scroll of poison.
   681 | D:1      | 681 ||| DROPPING potion of brilliance.
   682 | D:1      | 682 ||| DROPPING potion of invisibility.
   853 | D:2      | Reached XP level 3. HP: 18/18 MP: 4/4
  1214 | D:2      | Reached skill level 5 in Ranged Weapons
  1214 | D:2      | Reached XP level 4. HP: 22/22 MP: 5/5
  1573 | D:2      | 1573 ||| READING 2 scrolls labelled NAGIPA LAIROHIO.
  1632 | D:3      | Noticed Robin
  1634 | D:3      | 1634 ||| STAIRDANCE
  1715 | D:3      | Noticed Natasha
  1727 | D:3      | 1727 ||| RETREEEEATING.
  1730 | D:3      | 1730 ||| RETREEEEATING.
  1731 | D:3      | 1731 ||| RETREEEEATING.
  1732 | D:3      | 1732 ||| RETREEEEATING.
  1741 | D:3      | 1741 ||| RETREEEEATING.
  1742 | D:3      | 1742 ||| RETREEEEATING.
  1745 | D:3      | Killed Robin
  1750 | D:3      | 1750 ||| RETREEEEATING.
  1751 | D:3      | 1751 ||| RETREEEEATING.
  1751 | D:3      | HP: 3/22 [Natasha (7)]
  1751 | D:3      | Slain by an orc

Levels and vault maps discovered:
D:1:      onia_arrival_mini_maze, layout_loops_ring,
          hellmonk_ecumenical_altar_watching_god, minmay_misc_feat_secret_circle
D:2:      layout_basic
D:3:      layout_rooms, nicolae_yredelemnul_corpse_copse, uniq_robin,
          uniq_natasha

Skill      XL: |  1  2  3 |
---------------+----------+-----
Dodging        | 3 4 |  4.8
Ranged Weapons | 5 |  5.1
Fighting       | |  1.5
Stealth        | |  1.5

Action                     |  1- 3 |  4- 6 || total
---------------------------+-------+-------++-------
   Fire: Shortbow          |   106 |    59 ||   165
    Use: Scroll            |     4 |     1 ||     5
         Potion            |     1 |       ||     1
 Armour: Robe              |    11 |    19 ||    30
  Dodge: Dodged            |    38 |    66 ||   104

Table legend:
 A = Non-vault XP
 B = Vault XP
 C = Vault XP percentage of total XP
 D = Non-vault monster count
 E = Vault monster count
 F = Vault count percentage of total count
                 A         B        C        D         E       F
            +---------+---------+-------+---------+---------+-------
      Total |     115 |      39 |  25.3 |      35 |      13 |  27.1
            +---------+---------+-------+---------+---------+-------
        D:1 |      23 |       1 |   4.2 |      15 |       1 |   6.2
        D:2 |      85 |       2 |   2.3 |      17 |       1 |   5.6
        D:3 |       7 |      36 |  83.7 |       3 |      11 |  78.6
            +---------+---------+-------+---------+---------+-------
